[Event "Early-Titled-Tuesday-Blitz-April-16-2024"]
[Site "Chess.com"]
[Date "2024.04.16"]
[Round "10"]
[White "Ati1517"]
[Black "ExchangeAB"]
[Result "1-0"]
[WhiteElo "2250"]
[BlackElo "2389"]
[TimeControl "180+1"]
[EndTime "10:00:31 PDT"]
[Termination "Ati1517 won by checkmate"]

1. e4 c5 2. Nf3 d6 3. d4 cxd4 4. Nxd4 Nf6 5. Nc3 a6 6. Bc4 e6 7. Bb3 Be7 8. O-O O-O 9. Be3 Nc6 10. f4 Na5 11. g4 Nxb3 12. axb3 Nd7 13. f5 Ne5 14. h3 Bg5 15. Bxg5 Qxg5 16. Nf3 Qe3+ 17.
Kg2 Nxf3 18. Rxf3 Qb6 19. f6 Bd7 20. fxg7 Rfd8 21. Qd2 Be8 22. Raf1 Qc5 23. h4 Rac8 24. R1f2 b5 25. Qe1 Qe5 26. Qf1 Qxg7 27. b4 Rc4 28. g5 Rxb4 29. Qd3 Rxb2 30. e5 Bc6 31. Ne4 Bxe4 32. Qxe4 dxe5 33. Rxf7 Qxf7 34. Rxf7 Kxf7 35.
Qxh7+ Ke8 36. Qh8+ Ke7 37. Qf6+ Kd7 38. Qxe5 Rxc2+ 39. Kf3 Rdc8 40. Kg4 b4 41. Kh5 b3 42. Qd4+ Ke8 43. Qa4+ Kf7 44. Qxb3 R2c4 45. g6+ Kf6 46.
Qf3+ Ke7 47. g7 R4c5+ 48. Kg6 a5 49. Qf7+ Kd6 50. Qf8+ Kd5 51. g8=Q Rxf8 52. Qxf8 Rc4 53. Qd8+ Kc5 54. h5 a4 55. h6 Kb4 56. h7 Rg4+ 57.
Kh5 Rg1 58. h8=Q Rh1+ 59. Kg4 Rxh8 60. Qxh8 a3 61. Qa1 Kb3 62. Kf4 e5+ 63. Kxe5 a2 64. Ke6 Ka3 65. Kd5 Kb3 66. Kd4 Ka3 67. Kc4 Ka4 68.
Qxa2# 1-0

[Event "Early-Titled-Tuesday-Blitz-April-16-2024"]
[Site "Chess.com"]
[Date "2024.04.16"]
[Round "10"]
[White "stolencandy13"]
[Black "Yeritsyaan"]
[Result "0-1"]
[WhiteElo "2557"]
[BlackElo "2661"]
[TimeControl "180+1"]
[EndTime "10:00:32 PDT"]
[Termination "Yeritsyaan won by checkmate"]

1. d4 Nf6 2. Bf4 e6 3. e3 b6 4. Bd3 Bb7 5. Nf3 d6 6. c4 Nbd7 7. Nc3 Be7 8. O-O Nh5 9. Bg3 Nxg3 10. hxg3 O-O 11. Qc2 h6 12. Bh7+ Kh8 13. Be4 Qb8 14.
a4 a5 15. Bxb7 Qxb7 16. Qe4 Qxe4 17. Nxe4 d5 18. cxd5 exd5 19. Nc3 c6 20. Rac1 Rfc8 21. Rc2 f6 22. Rfc1 Rd8 23. Nh4 Kh7 24. Nf5 Bf8 25. b3 Nb8 26. g4 Ba3 27. Rd1 g6 28. Ng3 Bd6 29. f4 Na6 30. Na2 Rac8 31. Kf2 Nb4 32.
Nxb4 Bxb4 33. f5 c5 34. fxg6+ Kxg6 35. Nf5 c4 36. bxc4 Rxc4 37. Rxc4 dxc4 38. d5 h5 39. e4 hxg4 40. Kg3 Re8 41. d6 c3 42.
Ne7+ Kg5 43. Nc6 c2 44. Rc1 Bxd6+ 45. Kf2 Rxe4 46. Rxc2 Rxa4 47. Nd8 g3+ 48. Kf3 Rf4+ 49. Ke3 Bc5+ 50. Kd3 Rd4+ 51. Ke3 Rxd8+ 52. Kf3 Rd3+ 53. Ke4 Re3+ 54. Kd5 f5 55. Rc4 f4 56. Rc2 f3 57.
gxf3 Rxf3 58. Ke4 Rf2 59. Rc1 g2 60. Rg1 Ra2 61. Kf3 Bxg1 62. Kg3 Bc5 63. Kh3 a4 64. Kh2 g1=Q+ 65. Kh3 Rh2# 0-1

[Event "Early-Titled-Tuesday-Blitz-April-16-2024"]
[Site "Chess.com"]
[Date "2024.04.16"]
[Round "10"]
[White "littlepinkyboy"]
[Black "cthulhuuu"]
[Result "1-0"]
[WhiteElo "2657"]
[BlackElo "2425"]
[TimeControl "180+1"]
[EndTime "10:00:32 PDT"]
[Termination "littlepinkyboy won by resignation"]

1. e4 d6 2. d4 Nf6 3. Nc3 c6 4. Nf3 Bg4 5. Be2 e6 6. O-O d5 7. e5 Nfd7 8. Be3 c5 9. Nb5 a6 10.
Nd6+ Bxd6 11. exd6 Bxf3 12. Bxf3 cxd4 13. Qxd4 O-O 14. Qb4 Nc6 15. Qxb7 Nde5 16. Qc7 Nxf3+ 17. gxf3 Rc8 18. Qxd8 Rfxd8 19. Rfd1 Rxd6 20. Bc5 Rdd8 21. b4 f6 22. a4 d4 23. Kf1 a5 24. b5 Ne5 25. Bxd4 Nxf3 26. Bb6 Rxd1+ 27. Rxd1 Rxc2 28. Bxa5 Nxh2+ 29. Kg2 Ng4 30. Bb6 Ne5 31. Bd4 Nc4 32. b6 Na5 33. Rb1 e5 34. Be3 Nc4 35. b7 Nxe3+ 36.
Kg1 Nc4 37. b8=Q+ Kf7 38. Qc7+ Kg6 39. Qc6 Rc3 40. Qe4+ f5 41. Qd5 Na3 42. Qd6+ Kg5 43. Re1 f4 44. Qxe5+ Kg4 45. Qxc3 Nc4 46. Qxc4 h5 47. a5 h4 48. a6 h3 49. a7 h2+ 50.
Kh1 g5 51. a8=Q Kh4 52. Qh8+ 1-0

[Event "Early-Titled-Tuesday-Blitz-April-16-2024"]
[Site "Chess.com"]
[Date "2024.04.16"]
[Round "10"]
[White "PolandHussars"]
[Black "Smiechu"]
[Result "1/2-1/2"]
[WhiteElo "2587"]
[BlackElo "2389"]
[TimeControl "180+1"]
[EndTime "10:00:33 PDT"]
[Termination "Game drawn by stalemate"]

1. e4 c5 2. Ne2 g6 3. g3 Nc6 4.
Bg2 Bg7 5. c3 d6 6. d4 cxd4 7.
cxd4 e5 8. Be3 Nf6 9. h3 O-O 10.
Nbc3 Re8 11. d5 Ne7 12. Qb3 Nh5 13. g4 Nf4 14. Nxf4 exf4 15. Bxf4 f5 16. gxf5 Nxf5 17. O-O Qh4 18. Ne2 Nd4 19. Nxd4 Qxf4 20. Ne2 Qe5 21. f4 Qxb2 22. Qxb2 Bxb2 23. Rab1 Bf6 24. Rfc1 Re7 25.
Nc3 Bd4+ 26. Kh1 Be3 27. Rf1 b6 28. e5 Ba6 29. Rf3 Bc5 30. e6 Rf8 31. Ne4 Rf5 32. Rd1 Be2 33. Rdf1 Bxf3 34. Bxf3 Kg7 35. Bg2 Rxd5 36.
Ng3 Rd3 37. Kh2 Rxe6 38. f5 Ree3 39. f6+ Kf7 40. Ne4 h6 41. h4 Ra3 42. Kh1 Rxa2 43. Nxd6+ Bxd6 44. Bd5+ Kf8 45. Bxa2 Re4 46. Bb1 Rf4 47. Rxf4 Bxf4 48. Bxg6 a5 49. Bc2 Kf7 50.
Ba4 Kxf6 51. Kg2 Ke5 52. Kf3 Bd2 53. Ke2 Bf4 54. Kd3 Kd5 55. Kc3 Kc5 56. Kb2 b5 57. Bd1 Kb4 58. h5 a4 59. Ka2 Kc3 60. Be2 b4 61.
Bb5 b3+ 62. Kb1 a3 63. Ka1 a2 64. Ba4 Kb4 65. Bxb3 Kxb3 1/2-1/2

[Event "Early-Titled-Tuesday-Blitz-April-16-2024"]
[Site "Chess.com"]
[Date "2024.04.16"]
[Round "10"]
[White "Jospem"]
[Black "MomchilPetkov"]
[Result "1-0"]
[WhiteElo "3071"]
[BlackElo "2932"]
[TimeControl "180+1"]
[EndTime "10:00:35 PDT"]
[Termination "Jospem won by resignation"]

1. e4 c5 2. Nf3 Nc6 3. c3 Nf6 4. Bd3 e5 5. Bc2 d5 6. exd5 Qxd5 7. d3 Be7 8. Nbd2 Bf5 9. Qe2 Rd8 10.
Ne4 O-O 11. O-O Bg6 12. Nh4 Qd7 13. Nxg6 hxg6 14. Re1 Nd5 15. g3 b6 16. a3 Qh3 17.
Bb3 Rd7 18. Qf3 Rfd8 19. Ng5 Qf5 20. Qxf5 gxf5 21. Nf3 Bf6 22. Ba4 Nde7 23. Bc2 c4 24. d4 exd4 25. cxd4 Nxd4 26. Nxd4 Bxd4 27. Ba4 Rb7 28. Bb5 c3 29. b3 Ng6 30. Ra2 Ne5 31. Kg2 Rc7 32. Rc2 Rd5 33. Be2 b5 34. Rd1 Rcd7 35.
Bf4 f6 36. h4 a6 37. h5 R5d6 38. Rh1 Re6 39. Rh4 Nf7 40. a4 Be5 41. Be3 f4 42.
gxf4 Bd4 43. f5 Red6 44. Bxd4 Rxd4 45. Rxd4 Rxd4 46. axb5 axb5 47. Bxb5 Nd6 48. Bc6 Nxf5 49. Rxc3 Rd2 50. Be4 Nd6 51. Bg6 Kf8 52. Rc6 Rd5 53. b4 Ke7 54. Rc7+ Ke6 55. Rxg7 Rb5 56. h6 Rxb4 57. h7 Rh4 58. Rg8 Nf7 59. Bxf7+ Kxf7 60. h8=Q 1-0

[Event "Early-Titled-Tuesday-Blitz-April-16-2024"]
[Site "Chess.com"]
[Date "2024.04.16"]
[Round "10"]
[White "Msb2"]
[Black "MatthewG-p4p"]
[Result "1/2-1/2"]
[WhiteElo "3018"]
[BlackElo "2871"]
[TimeControl "180+1"]
[EndTime "10:00:35 PDT"]
[Termination "Game drawn by stalemate"]

1. d4 Nf6 2. c4 c5 3. d5 e6 4. Nc3 exd5 5. cxd5 d6 6. e4 g6 7. h3 Bg7 8. Nf3 O-O 9. Bd3 Re8 10. O-O Nbd7 11. Bf4 c4 12. Bc2 Nc5 13. Nd2 b6 14. Re1 Ba6 15. Qf3 Qc7 16. a4 Nfd7 17. Qg3 Ne5 18.
Nf3 Ncd3 19. Bxd3 Nxd3 20. Bxd6 Qd7 21. Re2 Nxb2 22. Be5 Nd3 23. Bxg7 Kxg7 24. e5 Bb7 25. d6 Qf5 26. Rae1 Bxf3 27. Qxf3 Qxf3 28. gxf3 Nxe1 29.
Rxe1 Rad8 30. Re4 f6 31. f4 g5 32. Nb5 Kf7 33. Nc7 fxe5 34. Nxe8 Rxe8 35. fxe5 Ke6 36.
Rxc4 Kxe5 37. Rc7 Kxd6 38. Rxa7 Re4 39. Ra6 Kc5 40. a5 b5 41. Ra8 Ra4 42. Kg2 b4 43.
Kf3 b3 44. Rc8+ Kd6 45. Rb8 Rxa5 46. Rxb3 Ke6 47. Kg4 Kf6 48. Rb6+ Kg7 49. Kh5 Rf5 50. Rb7+ Kg8 51. Rb8+ Kg7 52. Rb7+ Kg8 53. Kg4 Rxf2 54. Kxg5 Rf7 55. Rxf7 Kxf7 56. Kh6 Kg8 57. h4 Kh8 58. Kg5 Kg8 59. Kh5 Kg7 60. Kg5 h6+ 61. Kf5 Kf7 62. h5 Kg7 63. Ke6 Kg8 64. Kf6 Kh7 65. Kf7 Kh8 66.
Kg6 Kg8 67. Kxh6 Kh8 68. Kg6 Kg8 69. h6 Kh8 70. h7 1/2-1/2

[Event "Early-Titled-Tuesday-Blitz-April-16-2024"]
[Site "Chess.com"]
[Date "2024.04.16"]
[Round "10"]
[White "UNSTOPPABLE_LEGEND"]
[Black "lamomiajunior"]
[Result "0-1"]
[WhiteElo "2560"]
[BlackElo "2730"]
[TimeControl "180+1"]
[EndTime "10:00:35 PDT"]
[Termination "lamomiajunior won by resignation"]

1. d4 Nf6 2. Bf4 d5 3. e3 c5 4. Nf3 Nc6 5. c3 Qb6 6. Qc2 g6 7.
Nbd2 Bg7 8. Be2 O-O 9. O-O Bf5 10. dxc5 Qxc5 11. Bd3 Bxd3 12. Qxd3 Rfe8 13. e4 e5 14. Be3 Qd6 15. Nc4 Qd7 16. exd5 e4 17.
Qd1 exf3 18. dxc6 Qg4 19. Qxf3 Qxc4 20. cxb7 Rad8 21. Bxa7 Ne4 22. Rfe1 f5 23. Rad1 Be5 24. Qe3 f4 25. Rxd8 Rxd8 26. Qf3 Nd2 27. Qe2 Qxe2 28.
Rxe2 Nc4 29. f3 Bb8 30. Bd4 Kf7 31. b3 Nd6 32. Be5 Nxb7 33. Bxb8 Rxb8 34. Re4 g5 35. Rb4 Ke7 36. a4 Kd7 37. a5 Kc7 38. a6 Nc5 39. Rc4 Kd6 40. a7 Ra8 41. b4 Nd7 42. Rd4+ Ke6 43. Re4+ Ne5 44. c4 Rxa7 45. c5 Kd5 46. h4 h6 47. hxg5 hxg5 48. b5 Nd3 49. c6 Ra1+ 50. Kh2 Nf2 51. g3 Nxe4 52. fxe4+ Kd6 53.
gxf4 gxf4 54. Kg2 Rb1 55. Kf3 Rxb5 56. Kxf4 Kxc6 57. e5 Kd7 58. Kf5 Rb6 59. Ke4 Ke6 0-1

[Event "Early-Titled-Tuesday-Blitz-April-16-2024"]
[Site "Chess.com"]
[Date "2024.04.16"]
[Round "10"]
[White "cansun"]
[Black "jaskol95"]
[Result "0-1"]
[WhiteElo "2387"]
[BlackElo "2532"]
[TimeControl "180+1"]
[EndTime "10:00:35 PDT"]
[Termination "jaskol95 won on time"]

1. d4 d5 2. c4 e5 3. dxe5 d4 4. Nf3 Nc6 5. g3 Nge7 6. Bg2 Ng6 7. O-O Ngxe5 8. Nbd2 Nxf3+ 9. Nxf3 Be7 10. a3 Bf6 11.
Qd3 Be6 12. b4 O-O 13. Bb2 Qe7 14. Rfd1 Rad8 15. Qc2 b6 16. Rd2 Ne5 17. Nxe5 Bxe5 18. Rad1 c5 19. bxc5 bxc5 20. e3 Qf6 21. exd4 Bxd4 22.
Bxd4 cxd4 23. c5 d3 24. Rxd3 Bf5 25. c6 Bxd3 26. Rxd3 Qa1+ 27. Bf1 Rxd3 28. Qxd3 Qc1 29. Qd7 Qxa3 30. c7 Qc1 31. Kg2 a5 32. Ba6 a4 33.
c8=Q Rxc8 34. Bxc8 g6 35. Qd8+ Kg7 36. Qd4+ Kg8 37.
Ba6 Qc6+ 38. f3 Qxa6 39. Qd8+ Kg7 40. Qd4+ Kf8 41. Qd8+ Kg7 42. Qd4+ f6 43. Qd7+ Kh6 44. Qd2+ g5 45. Qa2 a3 46. h4 gxh4 47. gxh4 Kg7 48.
Kg3 Qd6+ 49. Kg2 Qb4 50. Qe6 Qb2+ 51. Kh3 Qe5 52. Qd7+ Kg6 53. Qg4+ Kf7 54. Qd7+ Qe7 55. Qd5+ Qe6+ 0-1

[Event "Early-Titled-Tuesday-Blitz-April-16-2024"]
[Site "Chess.com"]
[Date "2024.04.16"]
[Round "10"]
[White "masterofpuppets2"]
[Black "CrushingKings"]
[Result "0-1"]
[WhiteElo "2477"]
[BlackElo "2602"]
[TimeControl "180+1"]
[EndTime "10:00:37 PDT"]
[Termination "CrushingKings won on time"]

1. d4 g6 2. c4 Bg7 3. e4 d6 4. Nc3 Nd7 5. Be2 e5 6. d5 h5 7. h4 a5 8. Nf3 Bh6 9. Ng5 Nc5 10. Qc2 f6 11. Nf3 Bg4 12. Bxh6 Nxh6 13. O-O-O a4 14. Kb1 Qd7 15. Ng1 Bxe2 16. Ngxe2 f5 17. f3 O-O-O 18. Nc1 fxe4 19. Nxe4 Nxe4 20. Qxe4 Qf5 21. Rde1 Qxe4+ 22. Rxe4 Nf5 23. Ne2 Rdg8 24. Kc2 Kd7 25. Kd3 Rh6 26. Rh3 g5 27. hxg5 Rxg5 28. g3 Rhg6 29. f4 exf4 30. gxf4 Rg2 31. Rxh5 Ng3 32. Rh7+ Kd8 33. Rh8+ Kd7 34.
Rh7+ Kd8 35. Re3 Nxe2 36. Rxe2 R2g3+ 37. Re3 Rg2 38. f5 R6g3 39. Rxg3 Rxg3+ 40. Ke4 Rg2 41. f6 Rf2 42. Rh8+ Kd7 43. Rh7+ Kd8 44. f7 Ke7 45.
f8=Q+ Kxf8 46. Rxc7 Rxb2 47. Rd7 Rxa2 48. Rxb7 Rc2 49.
Kd3 Rc1 50. Ra7 Ra1 51. Rd7 a3 52. Rxd6 a2 53. Ra6 Rd1+ 54. Ke4 a1=Q 55. Rxa1 Rxa1 56. d6 Rd1 57. c5 Ke8 58. Ke5 Kd7 59. Kf6 Rd5 60. Kf7 Rxc5 0-1

[Event "Early-Titled-Tuesday-Blitz-April-16-2024"]
[Site "Chess.com"]
[Date "2024.04.16"]
[Round "10"]
[White "C_K_G"]
[Black "NovakRatko"]
[Result "1-0"]
[WhiteElo "2292"]
[BlackElo "2366"]
[TimeControl "180+1"]
[EndTime "10:00:37 PDT"]
[Termination "C_K_G won by checkmate"]

1. e4 d5 2. exd5 c6 3. dxc6 Nxc6 4. Nf3 e5 5. Bb5 Bd6 6. Nc3 Ne7 7. O-O O-O 8. Re1 Bg4 9. h3 Bh5 10. d3 Nd4 11.
Bc4 Nxf3+ 12. gxf3 Qd7 13. Kg2 Ng6 14. Ne4 Nh4+ 15. Kg3 Nxf3 16. Re3 Kh8 17. Rxf3 f5 18.
Nxd6 Qxd6 19. Qh1 e4+ 20. Rf4 g5 21. Qe1 h6 22. Qc3+ Kh7 23. Qb3 b5 24. Bd5 Rad8 25. dxe4 fxe4 26. Bxe4+ Bg6 27. Bxg6+ Kxg6 28. Qd3+ Kg7 29.
Qxd6 gxf4+ 30. Qxf4 Kg8 31. Qg4+ Kh7 32. Qe4+ Kg7 33.
Bf4 Rde8 34. Be5+ Kf7 35. Qf5+ Ke7 36. Qe4 Kf7 37. f4 Rg8+ 38. Kh2 Re7 39. Rg1 Rxg1 40. Kxg1 Ke8 41. Qd5 Rd7 42. Qe6+ Re7 43. Qc8+ Kf7 44. Bd6 Re2 45. Qf5+ Ke8 46. Qf6 Kd7 47. Bb4 Kc7 48.
Qd6+ Kb7 49. Kf1 Rxc2 50. Bc5 Rxb2 51. Qd7+ Kb8 52. Qxa7+ Kc8 53. Qa8+ Kd7 54. Qd5+ Kc8 55. Qc6+ Kd8 56. Qd6+ Ke8 57. Qe7# 1-0

[Event "Early-Titled-Tuesday-Blitz-April-16-2024"]
[Site "Chess.com"]
[Date "2024.04.16"]
[Round "10"]
[White "superchess02"]
[Black "GoltsevDmitry2000"]
[Result "1-0"]
[WhiteElo "2911"]
[BlackElo "2778"]
[TimeControl "180+1"]
[EndTime "10:00:39 PDT"]
[Termination "superchess02 won by checkmate"]

1. d4 e6 2. c4 d5 3. Nc3 Nf6 4. Bg5 dxc4 5. e3 Be7 6. Bxc4 Nc6 7. Nf3 h6 8. Bh4 Nd5 9. Bxe7 Ncxe7 10. O-O O-O 11. e4 Nf6 12. Qe2 a6 13. a4 b6 14.
Rfd1 Bb7 15. Rac1 Ng6 16. h3 Qe7 17. Qe3 Rfd8 18. Ba2 Rac8 19. Bb1 c5 20. e5 Nd5 21.
Nxd5 Bxd5 22. Bxg6 fxg6 23. dxc5 Rxc5 24. Rxc5 Qxc5 25. Qd3 g5 26. Qxa6 Ra8 27. Qd3 Rxa4 28. Nd4 Rc4 29. Ne2 Rc2 30. Rd2 Be4 31. Qd8+ Kh7 32.
Rxc2 Qxc2 33. Ng3 Bg6 34. Qxb6 Qc4 35. b4 h5 36. Qc5 Qb3 37. Qe3 Qb1+ 38. Kh2 h4 39.
Ne2 Qxb4 40. Qxg5 Bf5 41. Nf4 Qd4 42. Qxh4+ Kg8 43. Ng6 Qc5 44. Ne7+ Kf7 45. Nxf5 exf5 46. f4 Qe3 47. Qh5+ g6 48. Qh7+ Kf8 49. Qh8+ Kf7 50. Qf6+ Kg8 51. Qxg6+ Kh8 52. Qxf5 Qe1 53. e6 Kg7 54.
Qe5+ Qxe5 55. fxe5 Kf8 56. g4 Ke7 57. Kg3 Kxe6 58. Kf4 Kf7 59. h4 Kg7 60. e6 Kh7 61.
e7 Kg7 62. e8=Q Kh6 63. Qe6+ Kg7 64. Kg5 Kh8 65. Qd7 Kg8 66. Kg6 Kh8 67. Qd8# 1-0

[Event "Early-Titled-Tuesday-Blitz-April-16-2024"]
[Site "Chess.com"]
[Date "2024.04.16"]
[Round "10"]
[White "LeoLV10"]
[Black "BallottiLuca"]
[Result "0-1"]
[WhiteElo "2503"]
[BlackElo "2394"]
[TimeControl "180+1"]
[EndTime "10:00:39 PDT"]
[Termination "BallottiLuca won by checkmate"]

1. e4 e5 2. Nf3 Nc6 3. Bb5 a6 4. Ba4 f5 5. d4 exd4 6. e5 Bc5 7. O-O Nge7 8. Bb3 d5 9. exd6 Qxd6 10. Nbd2 Be6 11.
Nc4 Qd7 12. Re1 Bd5 13. Nfe5 Nxe5 14. Nxe5 Qd6 15. Bxd5 Qxd5 16. Qh5+ Kf8 17. Bg5 Rd8 18. Bxe7+ Bxe7 19. Ng6+ hxg6 20. Qxh8+ Kf7 21. Qh3 Bf6 22. Rad1 c5 23. b3 b5 24. Qg3 Rd7 25. Qb8 Be7 26. Qb6 Qd6 27. Qa5 Bf6 28. a4 b4 29. c3 Bd8 30. Qxd8 Rxd8 31. cxb4 cxb4 32. Rd3 Qd5 33. Red1 Rd7 34. g3 a5 35. h4 Kf6 36. R1d2 Qe4 37. Kh2 Qe1 38. Kg2 Qa1 39. Kh2 Qb1 40. Kg2 Qe1 41. Rd1 Qe4+ 42. Kh2 f4 43. g4 f3 44. Kg3 Ke5 45. R1d2 Rf7 46. Rd1 Qf4+ 47. Kh3 Kd5 48. Re1 g5 49. h5 Rf8 50. Red1 Rh8 51.
Rxd4+ Qxd4 52. Rxd4+ Kxd4 53. Kg3 Kc3 54. Kxf3 Kxb3 55.
Ke4 Kxa4 56. Kf5 b3 57. Kg6 b2 58. Kxg7 Rc8 59. h6 b1=Q 60. h7 Rc7+ 61. Kh6 Qxh7+ 62. Kxg5 Rg7+ 63. Kf4 Qg6 64. Kg3 Qxg4+ 65. Kh2 Qg2# 0-1

[Event "Early-Titled-Tuesday-Blitz-April-16-2024"]
[Site "Chess.com"]
[Date "2024.04.16"]
[Round "10"]
[White "Vasily_IM"]
[Black "Witik"]
[Result "1/2-1/2"]
[WhiteElo "2567"]
[BlackElo "2700"]
[TimeControl "180+1"]
[EndTime "10:00:40 PDT"]
[Termination "Game drawn by agreement"]

1. d4 Nf6 2. c4 g6 3. Nc3 d5 4.
Bg5 Bg7 5. Bxf6 Bxf6 6. cxd5 c6 7. dxc6 Nxc6 8. e3 O-O 9. Nf3 e5 10. d5 e4 11. dxc6 exf3 12. Qxd8 Rxd8 13. gxf3 bxc6 14.
Rc1 Rb8 15. b3 Be7 16. Be2 Ba3 17. Rc2 Bf5 18. Ne4 Bb4+ 19. Kf1 Bh3+ 20. Kg1 h6 21. f4 Rb5 22. f3 Rbd5 23. Kf2 Be7 24. Rhc1 Bh4+ 25.
Ng3 Rd2 26. Ke1 Rxc2 27. Rxc2 Rd6 28. Rd2 Re6 29. Kf2 h5 30. Rd1 Re8 31. Bf1 Bc8 32. Rc1 Bd7 33. Bd3 Bd8 34. Ne4 Kg7 35. Nc5 Bh3 36.
Be4 Bh4+ 37. Ke2 Be7 38. Nd3 c5 39. Nxc5 g5 40. f5 Bf6 41. Nd3 g4 42. Nf2 gxf3+ 43. Kxf3 Bg4+ 44. Nxg4 hxg4+ 45. Kf4 Be5+ 46. Kxg4 Bxh2 47.
Kf3 Be5 48. Rd1 Re7 49. Bc6 Kf6 50. Rd7 Rxd7 51. Bxd7 Bc7 52. Ke4 Bb6 53. Kd3 Ke5 54. e4 f6 55. Bc6 Kd6 56. Bd5 Kc5 57. Kc3 Ba5+ 58. Kd3 Bc7 59. Bc4 Be5 60. a3 a5 61.
Kc2 Bd4 62. Bd5 Be5 63. Kd3 Bb2 64. a4 1/2-1/2

[Event "Early-Titled-Tuesday-Blitz-April-16-2024"]
[Site "Chess.com"]
[Date "2024.04.16"]
[Round "10"]
[White "Orphanator2009"]
[Black "GatoRojo150"]
[Result "1/2-1/2"]
[WhiteElo "2527"]
[BlackElo "2602"]
[TimeControl "180+1"]
[EndTime "10:00:44 PDT"]
[Termination "Game drawn by repetition"]

1. e4 e5 2. Nf3 Nc6 3. Nc3 Nf6 4.
d4 exd4 5. Nxd4 Bb4 6. Nxc6 bxc6 7. Bd3 d5 8. exd5 O-O 9. O-O cxd5 10. h3 c6 11. Qf3 Nd7 12. Bf4 Nc5 13. Rfe1 Nxd3 14.
Qxd3 Qf6 15. Bd2 Bf5 16. Qg3 Bxc2 17. Nxd5 cxd5 18. Bxb4 Rfe8 19. Rec1 Bg6 20. Qc3 d4 21. Qd2 d3 22. Bc3 Qf5 23. Re1 h5 24. b3 Qd5 25.
Re3 Rxe3 26. Qxe3 Qc6 27. Qd4 f6 28. Rc1 Qe4 29. Qxe4 Bxe4 30. Bd2 Re8 31. Re1 Bg6 32. Rxe8+ Bxe8 33. f3 Bg6 34. Kf2 Kf7 35. Ke3 Ke6 36.
Kd4 Bh7 37. a4 Kd6 38. b4 Kc6 39. b5+ Kb7 40. a5 Bf5 41. Kc5 Bd7 42. a6+ Kb8 43.
b6 axb6+ 44. Kxb6 Ka8 45. Be3 Be6 46. Kc7 Bc4 47. a7 d2 48. Bxd2 Bf1 49. h4 Bxg2 50. f4 Bf3 51. Be3 Bg4 52. Kd6 g6 53. Ke7 f5 54. Kf6 Kb7 55. Kxg6 Ka8 56. Kf6 Kb7 57. Ke5 Ka8 58. Kd6 Kb7 59. Kc5 Ka8 60. Kc6 Bh3 61.
Kc7 Bg4 62. Bd4 Bh3 63. Kd7 Bg4 64. Ke7 Kb7 65. Kf6 Ka8 66. Ke6 Kb7 67. Kd6 Ka8 68. Kc7 Bf3 69. Kb6 Bg4 70. Be5 Bh3 71. Bb8 Bg4 72. Kc7 Bh3 73. Kd6 Bg4 74. Ke5 Kb7 75. Kf6 Ka8 76. Kg5 Kb7 77. Kf6 Ka8 78.
Kg5 Kb7 79. Be5 Ka8 80. Bf6 Kxa7 81. Be5 Kb7 82. Bf6 Kc6 83. Be5 Kd5 84. Bf6 Ke4 85.
Be5 Kf3 86. Bf6 Ke4 87. Be5 Kf3 88. Bf6 Ke4 1/2-1/2

[Event "Early-Titled-Tuesday-Blitz-April-16-2024"]
[Site "Chess.com"]
[Date "2024.04.16"]
[Round "10"]
[White "PawnEatingZombie"]
[Black "Misterfox120"]
[Result "0-1"]
[WhiteElo "2247"]
[BlackElo "2394"]
[TimeControl "180+1"]
[EndTime "10:00:49 PDT"]
[Termination "Misterfox120 won by resignation"]

1. e4 Nf6 2. e5 Nd5 3. d4 d6 4.
Nf3 g6 5. c4 Nb6 6. Nc3 Bg7 7.
h3 Nc6 8. exd6 cxd6 9. Be3 O-O 10. Rc1 d5 11. c5 Nc4 12. Bxc4 dxc4 13. Qa4 Nxd4 14. Nxd4 Bxd4 15. Qxc4 Bxe3 16. fxe3 Be6 17. Qd4 Qc7 18. O-O Rad8 19. Qh4 Qxc5 20. Qh6 Rd3 21. Ne4 Qxe3+ 22. Qxe3 Rxe3 23. Nc5 b6 24. Nxe6 Rxe6 25. Rc7 a5 26. Rd1 f6 27. Rdd7 Kf7 28. Kf2 Re8 29.
b3 h5 30. h4 Kf8 31. g3 Rd6 32. Rxd6 exd6 33. Rc6 Rb8 34. Rxd6 Ke7 35. Rc6 Rd8 36.
Rxb6 Rd2+ 37. Kf3 Rxa2 38. Rb7+ Kf8 39. Rb6 Kg7 40. Rb7+ Kh6 41. Rb6 f5 42. Rb5 Ra3 43. Kf4 Ra1 44. Kf3 Ra2 45. Kf4 Ra3 46. Rb8 a4 47.
bxa4 Rxa4+ 48. Kf3 Ra6 49. Rb7 Re6 50. Ra7 Rb6 51.
Rc7 Rb4 52. Ra7 Rg4 53. Ra6 f4 54. gxf4 Rxh4 55. Kg3 Rg4+ 56. Kf3 Rg1 57. Kf2 Rg4 58. Kf3 Kg7 59. Rb6 Kf7 60. Ra6 Rg1 61. Kf2 Rb1 62. Kg3 Rb4 63. Rc6 Rd4 64. Ra6 Rc4 65. Rb6 Ra4 66. Rc6 Kg7 67. Rb6 Ra3+ 68. Kh4 Rf3 69.
Rb4 Kf6 70. Ra4 Kf5 71. Rb4 Rxf4+ 72. Rxf4+ Kxf4 73. Kh3 g5 0-1

[Event "Early-Titled-Tuesday-Blitz-April-16-2024"]
[Site "Chess.com"]
[Date "2024.04.16"]
[Round "10"]
[White "santosalberto1987"]
[Black "knightinshiningarmour16"]
[Result "1-0"]
[WhiteElo "2571"]
[BlackElo "2353"]
[TimeControl "180+1"]
[EndTime "10:00:50 PDT"]
[Termination "santosalberto1987 won by checkmate"]

1. e4 c6 2. c4 d5 3. exd5 cxd5 4.
cxd5 Qxd5 5. Nc3 Qd8 6. d4 Nf6 7. Nf3 e6 8. Ne5 Be7 9. Bc4 O-O 10.
O-O Nbd7 11. Bb3 Nxe5 12. dxe5 Qxd1 13. Rxd1 Nd7 14. f4 b6 15. Be3 Nc5 16. Bc2 Bb7 17.
b4 Na6 18. a3 Rfd8 19. Ne4 Rxd1+ 20. Rxd1 Bxe4 21. Bxe4 Rd8 22. Rxd8+ Bxd8 23. Kf2 Kf8 24. Ke2 h6 25. Kd3 Ke7 26. Kc4 Nc7 27. a4 Kd7 28.
a5 b5+ 29. Kc5 Be7+ 30. Kd4 Bxb4 31. Kd3 Bxa5 32. Bxa7 b4 33. Kc4 Kc8 34. Bc5 Kd7 35.
Bf8 Bb6 36. Bxg7 h5 37. Bf8 Be3 38. Bh6 Bd2 39. g3 Be3 40. Bf3 Bg1 41. h3 Bh2 42. Bxh5 Bxg3 43. Bxf7 Nd5 44. f5 Bxe5 45. Bxe6+ Kd6 46.
Bxd5 b3 47. Be4 Bf6 48. Kxb3 Ke5 49. Bb1 Kd4 50. Kc2 Be5 51. Kd2 Bf6 52. Ke2 Ke5 53.
Kf3 Bh8 54. Kg4 Bf6 55. Bg5 Bh8 56. h4 Kd6 57. Kh5 Ke5 58. Kg6 Kd6 59. f6 Kd7 60. f7 Ke6 61. f8=Q Bf6 62. Qxf6+ Kd5 63. h5 Kc4 64. h6 Kb3 65. h7 Ka4 66. Qb6 Ka3 67.
Be7+ Ka4 68. Qb4# 1-0

[Event "Early-Titled-Tuesday-Blitz-April-16-2024"]
[Site "Chess.com"]
[Date "2024.04.16"]
[Round "10"]
[White "zverr1"]
[Black "VD_coach"]
[Result "0-1"]
[WhiteElo "2507"]
[BlackElo "2634"]
[TimeControl "180+1"]
[EndTime "10:00:54 PDT"]
[Termination "VD_coach won by checkmate"]

1. e4 c5 2. Nf3 d6 3. Nc3 Nf6 4. e5 dxe5 5. Nxe5 e6 6. Bb5+ Nbd7 7. d4 a6 8. Bxd7+ Nxd7 9. Qf3 Qf6 10. Qxf6 gxf6 11. Nxd7 Bxd7 12. Ne4 Be7 13. Nxc5 Bc6 14. f3 Rg8 15. Kf2 O-O-O 16. Nb3 e5 17. Be3 e4 18. f4 f5 19. c4 b5 20. d5 Bb7 21.
Nd4 bxc4 22. Nxf5 Bf6 23. d6 Kd7 24. Bb6 Rc8 25. Bc7 e3+ 26. Nxe3 Bd4 27. Rhg1 Rce8 28. Rae1 Re4 29. Re2 Rge8 30. Rge1 h5 31. g3 Bc6 32. h3 c3 33. bxc3 Bxc3 34. Rd1 Bd4 35. Rxd4 Rxd4 36. Rc2 Rde4 37. Nf5 Bb5 38. Ne7 R4xe7 39.
dxe7 Rc8 40. Rd2+ Kxc7 41. Rc2+ Kb7 42. Rxc8 Kxc8 43. g4 Kd7 44. gxh5 Kxe7 45. Ke3 Kf8 46. Ke4 Kg7 47. Kf5 Bc4 48. a3 Kh6 49. Kg4 Be2+ 50.
Kf5 Kxh5 51. Kf6 Bc4 52. Ke5 Kh4 53. Kd4 Be6 54. Ke5 Kxh3 55. f5 Bb3 56. Kf4 Kh4 57. Ke5 Kg5 58. f6 Be6 59. a4 a5 60. Kd4 Kxf6 61. Kc5 Bd7 62. Kb6 Ke5 63. Kxa5 Bxa4 64. Kxa4 Ke4 65. Kb3 Ke3 66. Kc2 Ke2 67. Kc3 f5 68. Kd4 f4 69. Ke4 f3 70. Kf4 f2 71.
Kg3 f1=Q 72. Kh2 Qf7 73. Kg2 Qg7+ 74. Kh2 Kf3 75. Kh1 Qg2# 0-1

[Event "Early-Titled-Tuesday-Blitz-April-16-2024"]
[Site "Chess.com"]
[Date "2024.04.16"]
[Round "10"]
[White "NajdorfPlayerc5"]
[Black "Squirlolz"]
[Result "1/2-1/2"]
[WhiteElo "2426"]
[BlackElo "2581"]
[TimeControl "180+1"]
[EndTime "10:00:57 PDT"]
[Termination "Game drawn - insufficient material"]

1. e4 g6 2. d4 Bg7 3. Nf3 c5 4. d5 d6 5. c3 Nf6 6. Bd3 O-O 7. O-O Bg4 8. h3 Bxf3 9. Qxf3 Na6 10. Bg5 Nc7 11.
Nd2 b5 12. a4 a6 13. axb5 axb5 14. Qe2 Qd7 15. f4 Rfb8 16. f5 c4 17. Bc2 Rxa1 18.
Rxa1 Ra8 19. Rxa8+ Nxa8 20. fxg6 hxg6 21. Nf3 Qa7+ 22.
Kh2 Qa1 23. e5 dxe5 24. Nxe5 Qxb2 25. Nxf7 Qxc3 26. Bxg6 Nc7 27. Qxe7 Ncxd5 28. Qd8+ Bf8 29. Bh6 Qa3 30. Ne5 Qd6 31. Bf7+ Kh7 32. Qxf8 Qxe5+ 33. Kh1 Qe1+ 34. Kh2 Qe5+ 35. Kh1 Qg3 36. Bxd5 Nxd5 37. Qf7+ Kxh6 38. Qxd5 c3 39. Qc6+ Kg7 40. Qb7+ Kh6 41. Qc6+ Kg7 42. Qb7+ Kf6 43. Qc6+ Ke7 44. Qb7+ Kd8 45.
Qa8+ Kd7 46. Qb7+ Ke6 47. Qc6+ Kf7 48. Qb7+ Kf6 49. Qc6+ Kg5 50. Qxb5+ Kh6 51. Qc6+ Kg7 52. Qd7+ Kh6 53. Qe6+ Kg7 54. Qe7+ Kh6 55. Qe6+ Kg7 56. Qe7+ Kg6 57. Qe8+ Kf6 58. Qf8+ Ke6 59. Qe8+ Kd5 60. Qb5+ Kd4 61. Qb4+ Kd3 62. Qb1+ c2 63. Qb3+ Ke2 64. Qxg3 c1=Q+ 65. Kh2 Qc6 66. Qf3+ Qxf3 67. gxf3 Kxf3 68.
h4 Kg4 69. h5 Kxh5 1/2-1/2